 Dungeon Crawl Stone Soup version 0.31-a0-675-g238779eb0a (webtiles) character file.

Game seed: 844322577542084095

37 Bravepunisher the Ducker (level 3, -2/19 HPs)
             Began as a Spriggan Monk on Sept 5, 2023.
             Slain by a gnoll
             ... wielding a +2 heavy spear
             ... led by a gnoll sergeant
              (8 damage)
             ... on level 6 of the Dungeon.
             The game lasted 00:03:25 (720 turns).

Bravepunisher the Ducker (Spriggan Monk)             Turns: 720, Time: 00:03:26

Health: -2/19      AC:  2    Str:  7    XL:     3   Next: 21%
Magic:  4/4        EV: 19    Int: 11    God:
Gold:   55         SH:  0    Dex: 19    Spells: 2/2 levels left

rFire   . . .        a - +0 short sword
rCold   . . .        d - orb {light}
rNeg    . . .        b - +0 robe
rPois   .            (helmet restricted)
rElec   .            (no cloak)
rCorr   .            (gloves unavailable)
SInv    +            (boots unavailable)
Will    .....        (no amulet)
Stlth   +            (no ring)
HPRegen 0.23/turn    (no ring)
MPRegen 0.09/turn

%: no passive effects
@: slowed, glowing, quick
A: very small, no large weapons, unfitting armour, see invisible, speed 3
a: no special abilities


You were on level 6 of the Dungeon.
You visited 1 branch of the dungeon, and saw 6 of its levels.

You collected 55 gold pieces.

Inventory:

Hand Weapons
 a - a +0 short sword (weapon)
 h - a +0 heavy falchion
 j - the +7 rapier of Wu Jian {heavy, rN+ Int+3 Dex-3}
   (You found it on level 6 of the Dungeon)

   Int+3:     It affects your intelligence (+3).
   Dex-3:     It affects your dexterity (-3).
   rN+:       It protects you from negative energy.
Armour
 b - a +0 robe (worn)
 d - an orb of light (worn)
Wands
 e - a wand of charming (9)
Scrolls
 f - a scroll of vulnerability {unknown}
 g - a scroll of silence {unknown}
 i - a scroll of enchant weapon {unknown}
Potions
 c - a potion of ambrosia


   Skills:
 + Level 2.9 Fighting
 + Level 3.8 Short Blades
 + Level 4.6 Dodging


You had 2 spell levels left.
You didn't know any spells.
Your spell library was empty.

Dungeon Overview and Level Annotations

Branches:
Dungeon (6/15)
 Temple: D:4-7

Altars:
Ashenzari
Dithmenos


Innate Abilities, Weirdness & Mutations

You are very small and have problems with some larger weapons.
You are too small for most types of armour.
You have supernaturally acute eyesight. (SInv)
You cover ground extremely quickly. (Speed+++)


Message History

A gnoll sergeant comes into view. It is wielding a +0 heavy spear.
Found a spear.
Found 6 stones.
The gnoll shouts!
Found a dazzling rapier.
The gnoll attacks as it pursues you! The gnoll closely misses you.
A black bear comes into view.
The black bear growls angrily.
The black bear moves out of view.
The black bear barely misses you. The black bear claws you.
The black bear misses you.
You see here the +7 rapier of Wu Jian {heavy, rN+ Int+3 Dex-3}.
j - the +7 rapier of Wu Jian {heavy, rN+ Int+3 Dex-3} The black bear misses you.
The black bear claws you. The black bear barely misses you.
The black bear attacks as it pursues you!
The black bear barely misses you. The black bear closely misses you.
The black bear barely misses you.
Found quicksilver dragon scales.
Found 13 gold pieces.
An iguana and an orc wizard come into view.
Found a glowing chain mail.
The iguana hisses angrily.
An adder comes into view.
A hornet comes into view.
The hornet buzzes angrily.
You hear a loud, deep croak!
A bullfrog comes into view.
The bullfrog gives a loud, deep croak!
You hear an angry hiss.
An iguana comes into view.
The iguana closely misses you. The iguana barely misses you.
The iguana misses you.
Found 6 stones.
The orc wizard misses you. The hornet barely misses you. The hornet stings you!
* * * LOW HITPOINT WARNING * * *
You feel yourself slow down. The hornet closely misses you.
The black bear closely misses you. x2
The black bear barely misses you.
The gnoll hits you from afar with a +2 heavy spear!
You die...

.... ...# .(.#######..#
..#.....#..#
#.#.#.#.#..# ...#
#...#[#....# ....#
##.#.#.#.#S.# .......
##..#$....#..#
...##...###...#######..#
#....#....#.[.@oF..l...#
#............hy.l....##
...........g..########
#.......g#### #.......##
# ###.......#
#.#.......###
#......h.## #.##...###


You could see a hornet, a black bear, a bullfrog, 2 iguanas, an orc wizard and 2
gnolls.

Vanquished Creatures
  2 adders
  A dart slug (D:4)
  2 orcs
  A bat (D:1)
  5 jackals
  2 quokkas
  A rat (D:2)
14 creatures vanquished.

Notes
Turn   | Place    | Note
-------+----------+-------------------------------------------
     0 | D:1      | Bravepunisher the Spriggan Monk began the quest for the
                  | Orb.
     0 | D:1      | Reached XP level 1. HP: 11/11 MP: 2/2
    74 | D:2      | Reached XP level 2. HP: 8/16 MP: 3/3
   189 | D:4      | Found a shadowy altar of Dithmenos.
   229 | D:4      | Found a broken altar of Ashenzari.
   342 | D:4      | Reached XP level 3. HP: 13/19 MP: 4/4
   402 | D:5      | Entered Level 5 of the Dungeon
   402 | D:5      | Noticed a centaur
   402 | D:5      | Noticed a black bear
   540 | D:6      | Noticed a gnoll sergeant
   595 | D:5      | Noticed a scorpion
   616 | D:5      | Noticed a black bear
   657 | D:6      | Noticed a gnoll sergeant
   669 | D:6      | Noticed a black bear
   672 | D:6      | Identified the +7 rapier of Wu Jian {heavy, rN+ Int+3
                  | Dex-3}
   705 | D:6      | Noticed a hornet
   706 | D:6      | Noticed a bullfrog
   720 | D:6      | Slain by a gnoll

Illustrated notes

Levels and vault maps discovered:
D:1:      ebering_hopf_link, layout_loops_ring, chequers_hall_statues_corner_a,
          kennysheep_another_room
D:2:      layout_basic, basic_altar, minmay_box_of_dots
D:3:      layout_basic, grunt_ministairs_9, minmay_door_square
D:4:      layout_basic, evilmike_ruin_ashenzari, nicolae_overflow_crystal_walls,
          lemuel_crystal_altar, fedhas_altar_fruit_tree,
          gammafunk_temple_overflow_pools, minmay_tree_intersection,
          nicolae_shop_vocational, uniq_ijyb
D:5:      layout_loops_ring, okawaru_altar_gauntlet_db, serial_shops, shop
D:6:      layout_cave_pools, kiku_gazebo_pond_becter, minmay_temple_entry_trees,
          nicolae_concentric_dashed_squares_mild, minmay_checkerbox

Action                     || total
---------------------------++-------
  Melee: Short sword       ||    68
 Armour: Robe              ||    20
  Dodge: Dodged            ||    66

Table legend: (Time is in decaauts)
 A = Elapsed time spent in this place.
 B = Non-inter-level travel time spent in this place.
 C = Inter-level travel time spent in this place.
 D = Time resting spent in this place.
 E = Time spent auto-exploring this place.
 F = Levels seen in this place.
 G = Mean time per level.
                   A        B        C        D        E       F      G
               +--------+--------+--------+--------+--------+-----+--------+
         Total |    514 |    514 |      0 |     79 |    174 |   6 |   85.7 |
       Dungeon |    514 |    514 |      0 |     79 |    174 |   6 |   85.7 |
               +--------+--------+--------+--------+--------+-----+--------+

Top non-repeatable levels by time:
     D:4: 221 daAuts
     D:5: 126 daAuts
     D:2: 99 daAuts
     D:6: 51 daAuts
     D:1: 9 daAuts
     D:3: 6 daAuts
